 Dungeon Crawl Stone Soup version 0.30-a0-605-gb2882149bf (webtiles) character file.

Game seed: 11930916937007532566

112 acebull12 the Sneak (level 4, -7/30 HPs)
             Began as an Octopode Brigand on Jan 7, 2023.
             Killed from afar by an orc wizard (8 damage)
             ... with a magic dart
             ... on level 3 of the Dungeon.
             The game lasted 00:05:04 (1716 turns).

acebull12 the Sneak (Octopode Brigand)              Turns: 1716, Time: 00:05:04

Health: -7/30      AC:  1    Str: 10    XL:     4   Next: 93%
Magic:  4/4        EV: 13    Int: 19    God:
Gold:   125        SH:  5    Dex: 21    Spells: 3/3 levels left

rFire   . . .      SeeInvis .    a - +2 dagger
rCold   . . .      Faith    .    (no shield)
rNeg    . . .      Spirit   .    (helmet restricted)
rPois   .          Reflect  +    l - amulet of reflection
rElec   .          Harm     .    i - +6 ring of dexterity
rCorr   .          Rampage  .    q - +6 ring of intelligence
Will    .....                    (no ring)
Stlth   +++++                    (no ring)
HPRegen 0.25/turn                (no ring)
MPRegen 0.09/turn                (no ring)
                                 (no ring)
                                 (no ring)

@: no status effects
A: almost no armour, amphibious, 8 rings, camouflage 1, gelatinous body 1,
(nimble swimmer 1), tentacles
a: no special abilities


You were on level 3 of the Dungeon.
You visited 1 branch of the dungeon, and saw 3 of its levels.

You collected 125 gold pieces.

Inventory:

Hand Weapons
 a - a +2 dagger (weapon)
Missiles
 b - 9 poisoned darts (quivered)
 c - 3 curare-tipped darts
Jewellery
 i - a +6 ring of dexterity (left tentacle)
 l - an amulet of reflection (around mantle)
 q - a +6 ring of intelligence (right tentacle)
Wands
 p - a wand of charming (6)
Scrolls
 d - 2 scrolls of magic mapping {unknown}
 g - 2 scrolls of vulnerability {unknown}
 h - 6 scrolls of identify {unknown}
 k - 2 scrolls of enchant weapon {unknown}
 m - a scroll of teleportation {unknown}
Potions
 e - 2 potions of curing {unknown}
 f - a potion of haste {unknown}
 j - a potion of lignification {unknown}
 n - a potion of attraction {unknown}
 o - a potion of heal wounds {unknown}
 r - a potion of might {unknown}


   Skills:
 * Level 2.6 Fighting
 * Level 2.7 Short Blades
 + Level 2.2 Throwing
 + Level 1.0 Dodging
 * Level 7.3 Stealth


You had 3 spell levels left.
You didn't know any spells.
Your spell library contained the following spells:

 Spells                   Type           Power      Damage    Failure   Level
 Necrotise                Necr           0%         1d4       21%         1
 Vampiric Draining        Necr           0%         2d6       52%         3
 Anguish                  Hex/Necr       0%         N/A       90%         4
 Agony                    Necr           0%         N/A       99%         5
 Enfeeble                 Hex            0%         N/A       100%        7


Dungeon Overview and Level Annotations

Branches:
Dungeon (3/15)

Altars:
Fedhas

Shops:
D:2 [


Innate Abilities, Weirdness & Mutations

You cannot wear most types of armour.
You are amphibious.
You can wear up to eight rings at the same time.
Your skin changes colour to match your surroundings (Stealth+).
Your rubbery body absorbs attacks. (AC +1, EV +1)
((You are camouflaged when in or above water. (Stealth+)))
You have tentacles for arms and can constrict up to eight enemies at once.


Message History

You barely miss the orc wizard. You grab the orc wizard.
You constrict the orc wizard.
The orc wizard gestures wildly while chanting.
The orc wizard flickers and vanishes!
Deactivating autopickup; reactivate with Ctrl-A.
You block the orc wizard's attack.
You hit the orc wizard.
The orc wizard is heavily wounded.
You constrict the orc wizard, but do no damage.
The orc wizard closely misses you.
You hit the orc wizard but do no damage.
The orc wizard is heavily wounded.
You constrict the orc wizard, but do no damage.
The orc wizard gestures wildly while chanting.
The orc wizard flickers and vanishes!
You closely miss something. You constrict something. Something hits you.
You release your grip on something.
You hear some strange, mumbled words.
You are confused.
You're too confused to move!
Something hits you.
You hear some strange, mumbled words.
A puff of flame appears from out of thin air!
The puff of flame hits you!
You bump into the rock wall.
You bump into the rock wall.
Something hits you.
You bump into the rock wall.
You feel less confused. Something barely misses you.
You hear some strange, mumbled words.
A puff of flame appears from out of thin air!
The puff of flame hits you!
* * * LOW HITPOINT WARNING * * *
A magic dart appears from out of thin air!
The magic dart hits you.
* * * LOW HITPOINT WARNING * * *
There is a stone staircase leading up here.
A magic dart appears from out of thin air!
The magic dart hits you!
You die...

## .### ##. ... ..# ...
...# #.##.# ...###....##
#.......... ##.....## ...#
#.......# #...#
#....†..###...#
#@........#...
##..{........#
##.....###...##
#############.......##....#
#..........##.......##o..##
#...................o.So..#
#..........###.....####.###
#..........# ##....# ##.#
#..........###.....# #..#


You could see an orc.

Vanquished Creatures
  Robin (D:2)
  3 adders
  3 worms (D:2)
  A dart slug (D:1)
  5 bats
  4 endoplasms
  6 giant cockroaches
  4 hobgoblins (D:2)
  2 jackals (D:1)
  3 kobolds (D:2)
  2 quokkas
  5 ball pythons
  4 frilled lizards
  8 goblins (D:2)
  10 rats
61 creatures vanquished.

Vanquished Creatures (others)
  A withered plant (D:2)
1 creature vanquished.

Grand Total: 62 creatures vanquished

Notes
Turn   | Place    | Note
-------+----------+-------------------------------------------
     0 | D:1      | acebull12 the Octopode Brigand began the quest for the Orb.
     0 | D:1      | Reached XP level 1. HP: 14/14 MP: 1/1
   138 | D:1      | Reached XP level 2. HP: 9/19 MP: 2/2
   251 | D:1      | Reached skill level 6 in Stealth
   592 | D:1      | Reached XP level 3. HP: 24/24 MP: 3/3
   925 | D:2      | Found Edaxiby's Antique Armour Boutique.
   994 | D:2      | Reached skill level 7 in Stealth
  1032 | D:2      | Reached XP level 4. HP: 20/29 MP: 4/4
  1248 | D:2      | Found a faded altar of an unknown god.
  1261 | D:2      | Noticed Robin
  1285 | D:2      | Killed Robin
  1569 | D:3      | Found a blossoming altar of Fedhas.
  1714 | D:3      | HP: 1/30 [something/magic dart (6)]
  1716 | D:3      | Killed from afar by an orc wizard

Illustrated notes

Levels and vault maps discovered:
D:1:      minmay_arrival_four_circles, layout_loops_ring,
          corexii_leaking_fountain
D:2:      layout_basic, serial_shops, shop, ebering_ecumenical_altar_petrified,
          minmay_pentomino_t4, uniq_robin
D:3:      layout_rooms, nicolae_tso_swordbearing_angel,
          nicolae_overflow_ecumenical_swirl, lemuel_tele_altar,
          mainiacjoe_overflow_tiny_flanked

Skill      XL: |  1  2  3 |
---------------+----------+-----
Stealth        | 6 7 |  7.3
Fighting       | |  2.6
Short Blades   | |  2.7
Throwing       | |  2.2
Dodging        | |  1.0

Action                   |  1- 3 |  4- 6 || total
-------------------------+-------+-------++-------
Melee: Dagger            |    65 |    43 ||   108
       Tentacles         |    12 |     4 ||    16
       Constrict         |    17 |     9 ||    26
       Punch             |       |     3 ||     3
 Stab: Sleeping          |    14 |     6 ||    20
Armor: Skin              |     5 |       ||     5
Dodge: Dodged            |    27 |    14 ||    41
Block: Other             |       |     6 ||     6

Table legend: (Time is in decaauts)
 A = Elapsed time spent in this place.
 B = Non-inter-level travel time spent in this place.
 C = Inter-level travel time spent in this place.
 D = Time resting spent in this place.
 E = Time spent auto-exploring this place.
 F = Levels seen in this place.
 G = Mean time per level.
                   A        B        C        D        E       F      G
               +--------+--------+--------+--------+--------+-----+--------+
         Total |   1705 |   1563 |    142 |     97 |   1039 |   3 |  568.3 |
       Dungeon |   1705 |   1563 |    142 |     97 |   1039 |   3 |  568.3 |
               +--------+--------+--------+--------+--------+-----+--------+

Top non-repeatable levels by time:
     D:1: 811 daAuts
     D:2: 799 daAuts
     D:3: 93 daAuts
